 Dungeon Crawl Stone Soup version 0.22-a0-348-gd16d139 (webtiles) character file.

34 xccam the Fighter (level 3, -3/38 HPs)
             Began as a Gnoll Wanderer on Apr 8, 2018.
             Killed by divine providence
             ... invoked by an orc priest
              (13 damage)
             ... on level 2 of the Dungeon.
             The game lasted 00:01:07 (724 turns).

xccam the Fighter (Gnoll Wanderer)                   Turns: 724, Time: 00:01:10

Health: -3/38      AC:  2    Str: 13    XL:     3   Next: 31%
Magic:  3/4        EV: 14    Int: 16    God:
Gold:   43         SH:  0    Dex: 14    Spells: 3/3 levels left

rFire    . . .     SeeInvis .   a - +2 falchion
rCold    . . .     Gourm    .   (no shield)
rNeg     . . .     Faith    .   c - +0 robe
rPois    .         Spirit   .   (no helmet)
rElec    .         Reflect  .   (no cloak)
rCorr    .         Harm     .   (no gloves)
MR       .....                  (no boots)
Stlth    ++........             (no amulet)
HPRegen  0.12/turn              (no ring)
MPRegen  0.09/turn              (no ring)

@: no status effects
A: distributed training, fangs 1, strong nose
a: no special abilities


You were on level 2 of the Dungeon.
You were not hungry.

You visited 1 branch of the dungeon, and saw 2 of its levels.

You collected 43 gold pieces.

Inventory:

Hand Weapons
 a - a +2 falchion (weapon)
Armour
 c - a +0 robe (worn)
Scrolls
 f - a scroll of magic mapping {unknown}
 g - a scroll of identify {unknown}
 h - a scroll of teleportation {unknown}
Potions
 b - 2 potions of lignification
 e - a potion of curing {unknown}
 i - a potion of heal wounds {unknown}
 j - a potion of ambrosia {unknown}
 k - a potion of flight {unknown}
Comestibles
 d - a ration


   Skills:
 + Level 8.5 Fighting
 + Level 2.6 Short Blades
 + Level 2.6 Long Blades
 + Level 0.7 Axes
 + Level 0.7 Maces & Flails
 + Level 0.7 Polearms
 + Level 0.7 Staves
 + Level 0.7 Slings
 + Level 0.7 Bows
 + Level 0.7 Crossbows
 + Level 4.5 Throwing
 + Level 0.7 Armour
 + Level 4.5 Dodging
 + Level 0.7 Stealth
 + Level 0.7 Shields
 + Level 0.7 Unarmed Combat
 + Level 0.7 Spellcasting
 + Level 0.5 Conjurations
 + Level 0.5 Hexes
 + Level 0.5 Charms
 + Level 0.5 Summonings
 + Level 0.5 Necromancy
 + Level 0.5 Translocations
 + Level 0.5 Transmutations
 + Level 0.5 Fire Magic
 + Level 0.5 Ice Magic
 + Level 0.5 Air Magic
 + Level 0.5 Earth Magic
 + Level 0.5 Poison Magic
 + Level 0.9 Invocations
 + Level 0.7 Evocations


You had 3 spell levels left.
You didn't know any spells.

Dungeon Overview and Level Annotations

Branches:
Dungeon (2/15)

Altars:


Innate Abilities, Weirdness & Mutations

Your experience applies equally to all skills.
You have very sharp teeth.
Your uncanny sense of smell can sniff out nearby items.


Message History

You are too injured to fight recklessly!
You are too injured to fight recklessly!
You are too injured to fight recklessly!
You are too injured to fight recklessly!
You are too injured to fight recklessly!
You are too injured to fight recklessly!
You are too injured to fight recklessly!
You hit the orc priest but do no damage.
The orc priest closely misses you.
You hit the orc priest.
The orc priest is moderately wounded.
The orc wizard hits you but does no damage.
You hit the orc.
The orc is lightly wounded.
The orc wizard gestures at you while chanting.
The magic dart hits you!
* * * LOW HITPOINT WARNING * * *
The orc priest calls down the wrath of Beogh upon you.
Beogh smites you!
You die...

#.# #....# #.# #....#
#<# #....# ### #....#
. #....# ... #....#
....#############....#
...r..o..............+
.[..ooo@†............#
....#####....#...†...+
# #...(#.......#
#.$..#...##.##
#....#...# ..#
#....#...# #.#
###....#...# ..
............# #.#
####....#...# .#


You could see 2 orc priests, an orc wizard, an orc and a quokka.

Vanquished Creatures
  A worm (D:2)
  2 dart slugs (D:1)
  A leopard gecko (D:1)
  A ball python (D:1)
  4 goblins (D:1)
  4 hobgoblins
  2 kobolds (D:1)
  A quokka (D:2)
  5 bats (D:1)
  A frilled lizard (D:1)
  A rat (D:1)
23 creatures vanquished.

Notes
Turn   | Place    | Note
-------+----------+-------------------------------------------
     0 | D:1      | xccam the Gnoll Wanderer began the quest for the Orb.
     0 | D:1      | xccam set off with: a +2 falchion, 2 potions of lignification, a +0 robe, a ration
     0 | D:1      | Reached XP level 1. HP: 26/26 MP: 1/1
   130 | D:1      | Reached XP level 2. HP: 33/33 MP: 2/2
   451 | D:1      | Reached XP level 3. HP: 38/38 MP: 3/3
   724 | D:2      | Killed from afar by an orc priest

Vault maps used:
D:1:      onia_arrival_mini_spirals, serial_co_window_serial,
          co_window_corner_a, co_window_corner_a, co_window_paths_a,
          co_window_paths_a, co_window_paths_b, co_window_of_opportunity_a,
          co_window_broadway_b, co_window_corner_cb, co_window_cross_4,
          co_window_cross_2, glass_columns_b, glass_columns_b, glass_columns_a,
          glass_columns_b, glass_columns_a
D:2:      chequers_ecumenical_altar_simple, nicolae_gozag_zags_fifth_avenue

Action                   || total
-------------------------++-------
Melee: Falchion          ||    61
       Bite              ||     5
 Stab: Sleeping          ||     8
Armor: Robe              ||     7
Dodge: Dodged            ||    38
       Rpst.: Falchion   ||    14

Table legend:
 A = Spawn XP
 B = Non-spawn XP
 C = Spawn XP percentage of total XP
 D = Spawn monster count
 E = Non-spawn monster count
 F = Spawn count percentage of total count
 G = Total turns spent on level
                    A         B        C        D         E        F      G
               +---------+---------+-------+---------+---------+-------+---------
         Total |       0 |      49 |   0.0 |       0 |      23 |   0.0 |   724
               +---------+---------+-------+---------+---------+-------+---------
           D:1 |       0 |      40 |   0.0 |       0 |      20 |   0.0 |   668
           D:2 |       0 |       9 |   0.0 |       0 |       3 |   0.0 |    56
               +---------+---------+-------+---------+---------+-------+---------
